 Dungeon Sprint DCSS version 0.26-a0-660-gc07710193c (webtiles) character file.

Game seed: 17399673136941403485

2317 rocky1 the Cleaver (level 9, 0/81 HPs)
             Began as a Hill Orc Fighter on Oct 8, 2020.
             Was an Elder of Cheibriados.
             Killed from afar by Erolcha (19 damage)
             ... with a lance of force
             ... in the Dungeon (Sprint III: "The Ten Rune Challenge").
             The game lasted 00:06:44 (800 turns).

rocky1 the Cleaver (Hill Orc Fighter)                Turns: 800, Time: 00:06:44

Health: 0/81       AC:  8    Str: 31    XL:     9   Next: 41%
Magic:  7/14       EV: 14    Int: 15    God:    Cheibriados [****..]
Gold:   19         SH: 15    Dex: 21    Spells: 12/14 levels left

rFire    . . .     SeeInvis .   a - +0 war axe
rCold    . . .     Faith    .   c - +0 kite shield
rNeg     . . .     Spirit   .   b - +0 scale mail
rPois    .         Reflect  .   (no helmet)
rElec    .         Harm     .   (no cloak)
rCorr    .         Rampage  .   (no gloves)
MR       .....     NoTele   +   (no boots)
Stlth    +.........             (no amulet)
HPRegen  0.63/turn              (no ring)
MPRegen  0.14/turn              (no ring)

@: very slow
A: talons 1, agile 1, dopey 1, regeneration 1, shaggy fur 1, sturdy frame 1
a: Bend Time, Temporal Distortion, Slouch, Renounce Religion


You were in the Dungeon.
You worshipped Cheibriados.
Cheibriados was greatly pleased with you.
You visited 1 branch You collected 19 gold pieces.

Inventory:

Hand Weapons
 a - a +0 war axe (weapon)
 k - a +3 long sword of holy wrath
Armour
 b - a +0 scale mail (worn)
 c - a +0 kite shield (worn)
Scrolls
 f - 2 scrolls of holy word {unknown}
 l - 2 scrolls of identify
 m - 2 scrolls of remove curse {unknown}
 o - a scroll of enchant weapon {unknown}
Potions
 d - a potion of might
 g - a potion of haste
 h - 2 potions of magic
 n - a potion of degeneration {unknown}
 p - 2 potions of flight
Miscellaneous
 i - a phantom mirror


   Skills:
 + Level 8.0 Fighting
 + Level 14.6 Axes
 + Level 7.1 Armour
 + Level 4.7 Dodging
 + Level 12.8 Shields
 + Level 3.1 Spellcasting
 + Level 3.3 Translocations
 + Level 7.5 Invocations


You had 12 spell levels left.
You knew the following spells:

 Your Spells              Type           Power        Failure   Level
a - Blink                 Tloc           N/A          16%         2

Your spell library contained the following spells:

 Spells                   Type           Power        Failure   Level
 Gell's Gravitas          Tloc           ##........   30%         3
 Magic Dart               Conj           #...         36%         1
 Call Imp                 Summ           #.......     52%         2
 Slow                     Hex            #.......     52%         2
 Confusing Touch          Hex            #.......     75%         3
 Conjure Flame            Conj/Fire      #.......     75%         3
 Mephitic Cloud           Conj/Pois/Air  #.......     75%         3
 Petrify                  Tmut/Erth      #.......     98%         4
 Metabolic Englaciation   Hex/Ice        #.........   100%        5
 Yara's Violent Unravell  Hex/Tmut       #.........   100%        5


Dungeon Overview and Level Annotations

Branches:
Dungeon (1/1)

Altars:
Cheibriados
Dithmenos
Elyvilon
Fedhas
Gozag
Hepliaklqana
Kikubaaqudgha
Makhleb
Nemelex Xobeh
Okawaru
Qazlal
Ru
Sif Muna
Trog
Uskayaw
Vehumet
Wu Jian
Xom
Yredelemnul
Zin
The Shining One
Beogh
Jiyva
Lugonu

Annotations:
D Erolcha


Innate Abilities, Weirdness & Mutations

You have sharp toenails.
You are agile. (Dex +2)
You are dopey. (Int -2)
Your natural rate of healing is unusually fast.
You are covered in fur. (AC +1)
Your movements are slightly less encumbered by armour. (ER -2)


Message History

Okay, then.
You barely miss the redback. Your kick misses the redback.
You block the redback's attack.
You slash the redback! You claw the redback, but do no damage.
The redback is moderately wounded.
You block the redback's attack.
You slice the redback!!
You kill the redback!
Cheibriados thoroughly appreciates the change of pace.
You can now inflict damage on those overly hasty.
Cheibriados raises the support of your attributes as your movement slows.
Your Fighting skill increases to level 8!
Your Spellcasting skill increases to level 3!
You slash Erolcha! Your kick misses Erolcha.
Erolcha is moderately wounded.
You slash Erolcha! You claw Erolcha, but do no damage.
Erolcha is heavily wounded.
Erolcha points at you and mumbles some strange words.
The lance of force hits you!!
You die...

..#..#...#__.#)_#
..#..###'#'###'##
#'#..#..†.......#
##)..'.⌠........#
##...#...######'#
#....#.⌠.#__#...#+##############
.....#...#__#...#....#.#.#...O.#
.....#)###__#...##.#..#.##.###§#
.....#...#__#...@##.#.#.##)#..##
#....#___#__'...#O).#..#..##..
▓▓▓▓▓▓▓▓▓▓▓▓▓▓▓▓▓▓▓▓▓▓▓▓▓▓▓▓▓▓ ≈
, ≈ * ≈ *


You could see Erolcha.

Vanquished Creatures
  A deep elf mage (D)
  A shadow (D)
  2 redbacks (D)
  A spatial vortex (D)
  A necrophage (D)
  5 two-headed ogres (D)
  A water elemental (D)
  A jelly (D)
  Jessica (D)
  A wizard (D)
  A necromancer (D)
  3 humans (D)
  A kobold demonologist (D)
  A wolf (D)
  An ooze (D)
  A rat (D)
23 creatures vanquished.

Notes
Turn   | Place    | Note
-------+----------+-------------------------------------------
     0 | D        | rocky1 the Hill Orc Fighter began the quest for the Orb.
     0 | D        | Reached XP level 1. HP: 19/19 MP: 1/1
    12 | D        | Reached skill level 3 in Axes
    19 | D        | Reached skill level 4 in Axes
    85 | D        | Noticed Jessica
    87 | D        | Killed Jessica
    87 | D        | Reached skill level 6 in Axes
    87 | D        | Reached skill level 5 in Shields
    87 | D        | Reached XP level 2. HP: 26/26 MP: 2/2
    87 | D        | Reached XP level 3. HP: 31/31 MP: 3/3
   119 | D        | Reached skill level 7 in Axes
   128 | D        | Reached XP level 4. HP: 19/39 MP: 4/4
   149 | D        | Gained mutation: You have large cloven feet. [potion of
                  | mutation]
   149 | D        | Gained mutation: You are weak. (Str -2) [potion of
                  | mutation]
   149 | D        | Gained mutation: You passively map a small area around you.
                  | [potion of mutation]
   150 | D        | Lost mutation: You have large cloven feet. [potion of
                  | mutation]
   150 | D        | Lost mutation: You are weak. (Str -2) [potion of mutation]
   150 | D        | Lost mutation: You passively map a small area around you.
                  | [potion of mutation]
   150 | D        | Gained mutation: You are clumsy. (Dex -2) [potion of
                  | mutation]
   150 | D        | Gained mutation: You are surrounded by a mild repulsion
                  | field. (EV +2) [potion of mutation]
   150 | D        | Gained mutation: You have a pair of small horns on your
                  | head. [potion of mutation]
   150 | D        | Gained mutation: Your mind is acute. (Int +2) [potion of
                  | mutation]
   151 | D        | Lost mutation: You are clumsy. (Dex -2) [potion of
                  | mutation]
   151 | D        | Lost mutation: Your mind is acute. (Int +2) [potion of
                  | mutation]
   151 | D        | Lost mutation: You have a pair of small horns on your head.
                  | [potion of mutation]
   151 | D        | Gained mutation: Your magical capacity is low. (-10% MP)
                  | [potion of mutation]
   151 | D        | Gained mutation: You are covered in fur. (AC +1) [potion of
                  | mutation]
   152 | D        | Lost mutation: Your magical capacity is low. (-10% MP)
                  | [potion of mutation]
   152 | D        | Lost mutation: You are surrounded by a mild repulsion
                  | field. (EV +2) [potion of mutation]
   152 | D        | Gained mutation: You have a somewhat thin skeletal
                  | structure. (Dex +2, Stealth) [potion of mutation]
   152 | D        | Gained mutation: Your body sometimes deteriorates upon
                  | taking damage. [potion of mutation]
   152 | D        | Gained mutation: You are partially covered in thin metallic
                  | scales. (AC +2) [potion of mutation]
   153 | D        | Lost mutation: You are partially covered in thin metallic
                  | scales. (AC +2) [potion of mutation]
   153 | D        | Gained mutation: You are frail. (-10% HP) [potion of
                  | mutation]
   153 | D        | Gained mutation: Your system is resistant to poisons.
                  | (rPois) [potion of mutation]
   153 | D        | Gained mutation: Your movements are slightly less
                  | encumbered by armour. (ER -2) [potion of mutation]
   154 | D        | Lost mutation: You have a somewhat thin skeletal structure.
                  | (Dex +2, Stealth) [potion of mutation]
   154 | D        | Lost mutation: You are frail. (-10% HP) [potion of
                  | mutation]
   154 | D        | Lost mutation: Your body sometimes deteriorates upon taking
                  | damage. [potion of mutation]
   154 | D        | Lost mutation: Your system is resistant to poisons. (rPois)
                  | [potion of mutation]
   154 | D        | Gained mutation: You have sharp toenails. [potion of
                  | mutation]
   154 | D        | Gained mutation: You are dopey. (Int -2) [potion of
                  | mutation]
   154 | D        | Gained mutation: You are agile. (Dex +2) [potion of
                  | mutation]
   154 | D        | Gained mutation: Your natural rate of healing is unusually
                  | fast. [potion of mutation]
   187 | D        | Noticed a water elemental
   191 | D        | Killed a water elemental
   191 | D        | Reached skill level 9 in Axes
   191 | D        | Reached XP level 5. HP: 45/45 MP: 5/5
   281 | D        | Noticed a shadow
   291 | D        | Killed a shadow
   291 | D        | Reached skill level 12 in Axes
   291 | D        | Reached skill level 10 in Shields
   291 | D        | Reached XP level 6. HP: 23/51 MP: 6/6
   346 | D        | Found a blossoming altar of Fedhas.
   346 | D        | Found a stormy altar of Qazlal.
   346 | D        | Found a snail-covered altar of Cheibriados.
   346 | D        | Found a burning altar of Makhleb.
   346 | D        | Found a shimmering altar of Xom.
   346 | D        | Noticed a spatial vortex
   347 | D        | Found a hazy altar of Hepliaklqana.
   347 | D        | Found an opulent altar of Gozag.
   347 | D        | Found a sparkling altar of Nemelex Xobeh.
   347 | D        | Found a corrupted altar of Lugonu.
   347 | D        | Found a viscous altar of Jiyva.
   350 | D        | Became a worshipper of Cheibriados the Contemplative
   356 | D        | Killed a spatial vortex
   356 | D        | Reached skill level 13 in Axes
   356 | D        | Reached XP level 7. HP: 57/57 MP: 7/7
   377 | D        | Found a basalt altar of Yredelemnul.
   377 | D        | Found a shadowy altar of Dithmenos.
   377 | D        | Found a sacrificial altar of Ru.
   388 | D        | Reached skill level 1 in Dodging
   388 | D        | Reached skill level 1 in Invocations
   393 | D        | Reached * piety under Cheibriados
   499 | D        | Found a hide-covered altar of Uskayaw.
   499 | D        | Found a roughly hewn altar of Beogh.
   499 | D        | Found an iron altar of Okawaru.
   499 | D        | Found a bloodstained altar of Trog.
   499 | D        | Found an ornate altar of the Wu Jian Council.
   499 | D        | Noticed a human
   499 | D        | Noticed a human
   511 | D        | Killed a human
   517 | D        | Killed a human
   517 | D        | Reached ** piety under Cheibriados
   517 | D        | Reached skill level 5 in Fighting
   517 | D        | Reached skill level 5 in Armour
   581 | D        | Found a radiant altar of Vehumet.
   581 | D        | Found a shimmering blue altar of Sif Muna.
   581 | D        | Found an ancient bone altar of Kikubaaqudgha.
   587 | D        | Reached XP level 8. HP: 68/68 MP: 11/11
   606 | D        | Learned a level 2 spell: Blink
   610 | D        | Found a glowing silver altar of Zin.
   610 | D        | Found a glowing golden altar of the Shining One.
   610 | D        | Found a white marble altar of Elyvilon.
   611 | D        | Noticed a deep elf mage
   623 | D        | Killed a deep elf mage
   623 | D        | Reached skill level 14 in Axes
   623 | D        | Reached skill level 1 in Spellcasting
   623 | D        | Reached skill level 1 in Translocations
   623 | D        | Reached skill level 5 in Invocations
   680 | D        | Reached *** piety under Cheibriados
   708 | D        | Noticed a two-headed ogre
   718 | D        | Killed a two-headed ogre
   718 | D        | Reached **** piety under Cheibriados
   718 | D        | Reached XP level 9. HP: 46/78 MP: 12/14
   773 | D        | Noticed a two-headed ogre
   773 | D        | Noticed Erolcha
   773 | D        | Paralysed by Erolcha for 3 turns
   780 | D        | HP: 2/79 [two-headed ogre/+0 giant spiked club (10)]
   786 | D        | Killed a two-headed ogre
   800 | D        | Killed from afar by Erolcha

Illustrated notes

Levels and vault maps discovered:
D:        dungeon_sprint_mu [sprint_mu_entry_cave, sprint_mu_temple_rooms,
          sprint_mu_d1_spiders, sprint_mu_d2_genie, sprint_mu_d3_branching,
          sprint_mu_orc_legion, sprint_mu_elf_gauntlet, sprint_mu_hive_nellie,
          sprint_mu_lair_fedhas, sprint_mu_vaults_butterflies,
          sprint_mu_slime_circle, sprint_mu_swamp_cave, sprint_mu_shoals_kraken,
          sprint_mu_blade_basic, sprint_mu_crypt_lich, sprint_mu_tomb_spiral,
          sprint_mu_vestibule_basic, sprint_mu_gehenna_hellfire,
          sprint_mu_dis_giant, sprint_mu_tartarus_statrot,
          sprint_mu_cocytus_islands, sprint_mu_zot1]

Skill      XL: |  1  2  3  4  5  6  7  8  9 |
---------------+----------------------------+-----
Axes           | 6 7 9 12 13 14 | 14.6
Shields        | 5 6 8 10 11 12 | 12.8
Fighting       | 5 7 8 |  8.0
Dodging        | 2 4 |  4.7
Invocations    | 4 6 7 |  7.5
Armour         | 5 6 7 |  7.1
Spellcasting   | 2 3 |  3.1
Translocations | 2 3 |  3.3

Action                   |  1- 3 |  4- 6 |  7- 9 || total
-------------------------+-------+-------+-------++-------
Melee: War axe           |    30 |    18 |    78 ||   126
       Kick              |       |     7 |    36 ||    43
Invok: Slouch            |       |       |     2 ||     2
  Use: Potion            |     1 |     7 |     1 ||     9
       Scroll            |       |       |     1 ||     1
Armor: Scale mail        |     7 |     1 |     4 ||    12
Dodge: Dodged            |     8 |     2 |    16 ||    26
Block: Kite shield       |    13 |     3 |    35 ||    51

Table legend: (Time is in decaauts)
 A = Elapsed time spent in this place.
 B = Non-inter-level travel time spent in this place.
 C = Inter-level travel time spent in this place.
 D = Time resting spent in this place.
 E = Time spent auto-exploring this place.
 F = Levels seen in this place.
 G = Mean time per level.
                   A        B        C        D        E       F      G
               +--------+--------+--------+--------+--------+-----+--------+
         Total |    864 |    864 |      0 |    435 |      0 |   1 |  864.0 |
       Dungeon |    864 |    864 |      0 |    435 |      0 |   1 |  864.0 |
               +--------+--------+--------+--------+--------+-----+--------+

Top non-repeatable levels by time:
       D: 864 daAuts
